 Dungeon Crawl Stone Soup version 0.21.0-3-g78d12a8 (webtiles) character file.

135 FrothyCoffee the Firebug (level 4, -4/33 HPs)
             Began as a Draconian Fire Elementalist on Jan 9, 2018.
             Killed by nerve-wracking pain
             ... invoked by dscm's ghost
              (7 damage)
             ... on level 3 of the Dungeon.
             The game lasted 00:14:20 (2929 turns).

FrothyCoffee the Firebug (DrFE)                     Turns: 2929, Time: 00:14:21

Health: -4/33      AC:  5    Str: 10    XL:     4   Next: 96%
Magic:  8/8        EV: 12    Int: 16    God:
Gold:   98         SH:  0    Dex: 12    Spells: 5/8 levels left

rFire    . . .     SeeInvis .   a - +0 dagger
rCold    . . .     Gourm    .   (no shield)
rNeg     . . .     Faith    .   (armour unavailable)
rPois    .         Spirit   .   (helmet restricted)
rElec    .         Reflect  .   (no cloak)
rCorr    .         Harm     .   (no gloves)
MR       .....                  (no boots)
Stlth    ++........             (no amulet)
HPRegen  0.11/turn              (no ring)
MPRegen  0.11/turn              (no ring)

@: no status effects
A: unfitting armour, cold-blooded, AC +5
a: no special abilities


You were on level 3 of the Dungeon.
You were not hungry.

You visited 1 branch of the dungeon, and saw 3 of its levels.

You collected 98 gold pieces.

Inventory:

Hand Weapons
 a - a +0 dagger (weapon)
 b - a +0 hunting sling
 l - a cursed -1 dagger
Missiles
 i - 29 stones (quivered)
Armour
 w - a +1 pair of gloves
 y - a +0 pair of gloves
Jewellery
 j - a +3 ring of intelligence {unknown}
 s - a +2 ring of evasion {unknown}
 u - an uncursed ring of protection from magic {unknown}
Scrolls
 f - a scroll of enchant weapon {unknown}
 g - 3 scrolls of identify {unknown}
 h - 3 scrolls of magic mapping {unknown}
 m - a scroll of fog {unknown}
 n - a scroll of noise {unknown}
 o - a scroll of blinking {unknown}
 q - 2 scrolls of teleportation {unknown}
 t - a scroll of amnesia {unknown}
 v - a scroll of remove curse {unknown}
Potions
 d - 2 potions of curing {unknown}
 k - a potion of cancellation {unknown}
 p - a potion of degeneration {unknown}
 x - a potion of lignification {unknown}
Books
 c - a book of Flames

   Spells                             Type                      Level
   a - Flame Tongue                   Conjuration/Fire             1
   b - Throw Flame                    Conjuration/Fire             2
   c - Conjure Flame                  Conjuration/Fire             3
   d - Inner Flame                    Hexes/Fire                   3
   e - Sticky Flame                   Conjuration/Fire             4
   f - Fireball                       Conjuration/Fire             5
Comestibles
 e - 4 rations


   Skills:
 - Level 1.7 Dodging
 - Level 1.7 Stealth
 + Level 2.7 Spellcasting
 * Level 3.1 Conjurations
 * Level 4.2 Fire Magic


You had 5 spell levels left.
You knew the following spells:

 Your Spells              Type           Power        Failure   Level  Hunger
a - Flame Tongue          Conj/Fire      ##...        4%          1    #......
b - Throw Flame           Conj/Fire      ##....       6%          2    ##.....


Dungeon Overview and Level Annotations

Branches:
Dungeon (3/15)

Altars:

Annotations:
D:3 dscm's ghost, weakling DsNe


Innate Abilities, Weirdness & Mutations

Your plain brown scales are hard. (AC +5)
You cannot fit into any form of body armour.
You are cold-blooded and may be slowed by cold attacks.


Message History

Casting: Throw Flame
Confirm with . or Enter, or press ? or * to list all spells.
Aiming: Flame Tongue
Press: ? - help, Shift-Dir - straight line, f/p - dscm's ghost
Aim: dscm's ghost (lightly damaged)
The flame tongue hits dscm's ghost.
Dscm's ghost appears unharmed.
Dscm's ghost is lightly damaged.
Dscm's ghost gestures at you while chanting.
Pain shoots through your body!
Dscm's ghost gestures at you while chanting.
Pain shoots through your body!
* * * LOW HITPOINT WARNING * * *
Dscm's ghost shouts, "What do you have that I didn't have?"
There is a stone staircase leading down here.
Dscm's ghost casts a spell at you. Pain shoots through your body!
* * * LOW HITPOINT WARNING * * *
Dscm's ghost casts a spell at you. Pain shoots through your body!
You die...

#.##. #...... #... ....
#.####. #...# #.## #......
#...# #.# ####### #...# #.#
####### ######...####### #.#
#.....# ...............###.#
###.....#
...............##.####.......#
.#
.............@...............#
.#
####...###.##..#.#..#.#.....#
.## #...# #W##..#.#..#.##.####
..# #...# #.##.........##>#
..# #...# #.###W#.#..####.# ..
#..W# #.W.....#..####.# .#
#...# #####...........# #
.########.#### #####.####### #
.....W>......# #.##########


You could see dscm's ghost.

Vanquished Creatures
  4 adders (D:2)
  4 gnolls (D:2)
  An ooze (D:1)
  A worm (D:2)
  2 dart slugs (D:1)
  2 leopard geckos (D:1)
  8 bats
  4 giant cockroaches
  4 goblins (D:1)
  3 hobgoblins
  2 jackals (D:1)
  2 quokkas (D:2)
  A frilled lizard (D:2)
  6 kobolds
  7 rats
51 creatures vanquished.

Notes
Turn   | Place    | Note
-------+----------+-------------------------------------------
     0 | D:1      | FrothyCoffee the Draconian Fire Elementalist began the quest for the Orb.
     0 | D:1      | Reached XP level 1. HP: 14/14 MP: 3/3
   315 | D:1      | Reached XP level 2. HP: 20/20 MP: 3/5
   338 | D:1      | Learned a level 2 spell: Throw Flame
   994 | D:1      | Reached XP level 3. HP: 25/26 MP: 2/6
  1799 | D:2      | Reached XP level 4. HP: 33/33 MP: 4/7
  1847 | D:2      | Reached skill level 4 in Fire Magic
  2891 | D:3      | Noticed dscm's ghost (weakling DsNe)
  2910 | D:3      | HP: 1/33 [dscm's ghost/nerve-wracking pain (9)]
  2929 | D:3      | Killed from afar by dscm's ghost

Skill      XL: |  1  2  3  4 |
---------------+-------------+-----
Conjurations   | 2 3 |  3.1
Fire Magic     | 4 |  4.2
Dodging        | |  1.7
Stealth        | |  1.7
Spellcasting   | |  2.7

Action                   |  1- 3 |  4- 6 || total
-------------------------+-------+-------++-------
Melee: Unarmed           |    17 |       ||    17
       Tailslap          |     1 |     2 ||     3
       Dagger            |    45 |     9 ||    54
       Club              |     1 |       ||     1
 Fire: Hunting sling     |    16 |    27 ||    43
Throw: Stone             |     5 |       ||     5
 Cast: Flame Tongue      |    55 |    29 ||    84
  Eat: Chunk             |     4 |     3 ||     7
Armor: Skin              |    30 |     8 ||    38
Dodge: Dodged            |    79 |    11 ||    90
